 Dungeon Crawl Stone Soup version 0.28-a0-932-g843f935a50 (webtiles) character file.

Game seed: 16008679547922263645

360 shoop the Slicer (level 6, 0/37 HPs)
             Began as a Kobold Berserker on Nov 27, 2021.
             Was a Follower of Trog.
             Slain by a sky beast (6 damage)
             ... on level 4 of the Dungeon.
             The game lasted 00:05:51 (4409 turns).

shoop the Slicer (Kobold Berserker)                 Turns: 4409, Time: 00:05:52

Health: 0/37       AC:  2    Str: 16    XL:     6   Next: 98%
Magic:  15/15      EV: 15    Int:  8    God:    Trog [*.....]
Gold:   217        SH:  0    Dex: 15    Spells: 5/5 levels left

rFire   . . .      SeeInvis .   a - +0 short sword
rCold   . . .      Faith    .   (shield restricted)
rNeg    . . .      Spirit   .   b - +0 animal skin
rPois   .          Reflect  .   (no helmet)
rElec   .          Harm     .   (no cloak)
rCorr   .          Rampage  .   (no gloves)
Will    ++...                   (no boots)
Stlth   ++++......              (no amulet)
HPRegen 1.12/turn               v - ring of flight
MPRegen 0.14/turn               w - ring of magical power

@: strong-willed, flying, regenerating
A: small, no large weapons, nightstalker 3
a: Renounce Religion, Berserk


You were on level 4 of the Dungeon.
You worshipped Trog.
Trog was aware of your devotion.
You visited 1 branch of the dungeon, and saw 5 of its levels.

You collected 217 gold pieces.

Inventory:

Hand Weapons
 a - a +0 short sword (weapon)
Missiles
 g - 7 boomerangs (quivered)
 s - 10 poisoned darts
Armour
 b - a +0 animal skin (worn)
Jewellery
 v - a ring of flight (left hand)
 w - a ring of magical power (right hand)
Wands
 t - a wand of iceblast (4)
Scrolls
 c - a scroll of teleportation {unknown}
 f - 3 scrolls of amnesia {unknown}
 k - 4 scrolls of identify {unknown}
 m - 2 scrolls of summoning {unknown}
 n - a scroll of blinking {unknown}
 p - a scroll of immolation {unknown}
 q - a scroll of magic mapping {unknown}
 r - a scroll of enchant armour {unknown}
 u - a scroll of silence {unknown}
Potions
 d - a potion of cancellation {unknown}
 e - a potion of magic {unknown}
 h - a potion of brilliance {unknown}
 i - 6 potions of curing {unknown}
 j - a potion of haste {unknown}
 l - a potion of lignification {unknown}
 o - a potion of ambrosia {unknown}


   Skills:
 + Level 3.3 Fighting
 - Level 8.0 Short Blades
 + Level 2.1 Throwing
 + Level 1.6 Armour
 + Level 2.6 Dodging
 - Level 4.0 Stealth
 + Level 0.0 Evocations


You had 5 spell levels left.
You didn't know any spells.
Your spell library contained the following spells:

 Spells                   Type           Power      Damage    Failure   Level
 Call Canine Familiar     Summ           0%         N/A       78%         3
 Portal Projectile        Hex/Tloc       0%         N/A       78%         3
 Leda's Liquefaction      Hex/Erth       0%         N/A       99%         4


Dungeon Overview and Level Annotations

Branches:
Dungeon (5/15)
 Temple: D:4-7

Altars:


Innate Abilities, Weirdness & Mutations

You are small and have problems with some larger weapons.
You are completely attuned to the shadows.


Message History

The orc moves out of view.
A necrophage comes into view.
Found a ring mail.
The orc shouts!
You hear a shout! x3
You catch the helpless sky beast completely off-guard!
You puncture the sky beast!
The sky beast is heavily wounded.
The sky beast hits you but does no damage.
You hit the sky beast.
The sky beast is severely wounded.
You closely miss the sky beast.
The sky beast is severely wounded.
The sky beast flickers out of sight!
Deactivating autopickup; reactivate with Ctrl-A.
Something hits you. Something shocks you.
There is a large open door here.
Something hits you but does no damage.
You fail to use your ability.
Something hits you. Something shocks you.
You hit something. Something hits you. Something shocks you.
You miss something. You hit something. Something hits you.
* * * LOW HITPOINT WARNING * * *
Something shocks you.
* * * LOW HITPOINT WARNING * * *
Unknown command.
A sky beast appears from thin air!
Reactivating autopickup.
There is a stone staircase leading up here.
The sky beast misses you.
You fly upwards.
There is a stone staircase leading down here.
The sky beast closely misses you.
You see here a +0 club.
Your skin crawls.
You feel strong-willed.
You can no longer call upon Trog for regeneration and willpower.
The sky beast hits you.
* * * LOW HITPOINT WARNING * * *
The sky beast shocks you.
You die...

#.# #....[..#...... #.#
#.......#.##### #.# ##.#.##.#.# #
####.### #.#..†...# # #......#
#........# ## #.##.#.#
#.####...####. #.##.#.##
#>............
#.##....####.##..........
#.####..@Y.............#.
########.####.#####.#.###.#.#.#.
#.............# #.......#.#.#.
##.......##.#### ###.#####.....
....###.....# #...# ###...
###.###..##### #...# ####
###.#........#### #...####### #
......#..#....(.# #.........# #
##)........#.##.#####...#####.###


You could see a sky beast.

Vanquished Creatures
  A necrophage (D:4)
  A scorpion (D:3)
  2 orc priests (D:4)
  A centaur skeleton (D:4)
  4 adders (D:2)
  A shadow imp (D:5)
  An adder skeleton (D:4)
  A worm (D:2)
  4 orcs (D:4)
  2 ball pythons
  A bat (D:2)
  6 endoplasms
  6 giant cockroaches
  4 goblins
  4 hobgoblins
  14 jackals
  4 quokkas
  3 frilled lizards
  3 kobolds
  4 rats
67 creatures vanquished.

Notes
Turn   | Place    | Note
-------+----------+-------------------------------------------
     0 | D:1      | shoop the Kobold Berserker began the quest for the Orb.
     0 | D:1      | Reached XP level 1. HP: 14/14 MP: 1/1
    50 | D:1      | Reached skill level 1 in Stealth
   191 | D:1      | Reached XP level 2. HP: 19/19 MP: 2/2
   267 | D:1      | Found a faded altar of an unknown god.
   825 | D:1      | Reached XP level 3. HP: 23/23 MP: 3/3
  1357 | D:2      | Reached XP level 4. HP: 28/28 MP: 4/4
  1408 | D:2      | Reached skill level 1 in Throwing
  1410 | D:2      | Reached skill level 5 in Short Blades
  2308 | D:3      | Noticed a scorpion
  2462 | D:3      | Killed a scorpion
  2463 | D:3      | Reached skill level 6 in Short Blades
  2463 | D:3      | Reached XP level 5. HP: 32/32 MP: 5/5
  3091 | D:4      | Reached XP level 6. HP: 31/37 MP: 6/6
  3096 | D:4      | Reached skill level 7 in Short Blades
  3108 | D:4      | Noticed a necrophage
  3242 | D:4      | Killed a necrophage
  3398 | D:4      | Reached ** piety under Trog
  3409 | D:4      | Reached skill level 8 in Short Blades
  4096 | D:5      | Entered Level 5 of the Dungeon
  4370 | D:5      | Noticed a sky beast
  4373 | D:5      | Noticed a necrophage
  4409 | D:4      | Slain by a sky beast

Illustrated notes

Levels and vault maps discovered:
D:1:      dpeg_arrival_oval, layout_basic,
          hellmonk_ecumenical_altar_inner_sanctum
D:2:      layout_rooms, hangedman_decor_opposing, minmay_bisected
D:3:      layout_basic
D:4:      layout_loops_cross, minmay_misc_feat_columns,
          chequers_serial_rivers_micro_a, minivault_1
D:5:      layout_basic, kennysheep_little_box, kennysheep_big_empty_room

Skill      XL: |  1  2  3  4  5  6 |
---------------+-------------------+-----
Stealth        | 2 3 4 |  4.0
Throwing       | 2 |  2.1
Short Blades   | 6 8 |  8.0
Fighting       | |  3.3
Armour         | |  1.6
Dodging        | |  2.6

Action                   |  1- 3 |  4- 6 || total
-------------------------+-------+-------++-------
Melee: Short sword       |    71 |   138 ||   209
Invok: Berserk           |     1 |     4 ||     5
       Trog's Hand       |       |     1 ||     1
 Stab: Sleeping          |    17 |     8 ||    25
       Distracted        |       |     1 ||     1
Armor: Animal skin       |     9 |    16 ||    25
Dodge: Dodged            |    36 |    92 ||   128

Table legend: (Time is in decaauts)
 A = Elapsed time spent in this place.
 B = Non-inter-level travel time spent in this place.
 C = Inter-level travel time spent in this place.
 D = Time resting spent in this place.
 E = Time spent auto-exploring this place.
 F = Levels seen in this place.
 G = Mean time per level.
                   A        B        C        D        E       F      G
               +--------+--------+--------+--------+--------+-----+--------+
         Total |   4414 |   4321 |     93 |    711 |   3026 |   5 |  882.8 |
       Dungeon |   4414 |   4321 |     93 |    711 |   3026 |   5 |  882.8 |
               +--------+--------+--------+--------+--------+-----+--------+

Top non-repeatable levels by time:
     D:4: 1182 daAuts
     D:1: 1100 daAuts
     D:3: 1044 daAuts
     D:2: 785 daAuts
     D:5: 301 daAuts
